 Dungeon Crawl Stone Soup version 0.17-a0-1685-g57e755e (webtiles) character file.

92 Medar the Insei (level 4, 0/34 HPs)
             Began as a Demigod Transmuter on Aug 19, 2015.
             Succumbed to an adder's poison
             ... on level 2 of the Dungeon.
             The game lasted 00:07:22 (2673 turns).

Medar the Insei (Demigod Transmuter)                Turns: 2673, Time: 00:07:22

Health: 0/34       AC:  2    Str: 13    XL:     4   Next: 13%
Magic:  7/9        EV: 12    Int: 19    God:
Gold:   52         SH:  0    Dex: 16    Spells: 3 memorised, 1 level left

rFire  . . .     SeeInvis .       - Unarmed
rCold  . . .     Clarity  .     b - +0 robe
rNeg   . . .     SustAt   +     (no shield)
rPois  .         Gourm    .     (no helmet)
rElec  .         Spirit   .     (no cloak)
rCorr  .         Warding  .     (no gloves)
rMut   .         Stasis   .     (boots currently unavailable)
MR     .....                    (no amulet)
Stlth  +.........               (no ring)
                                (no ring)

@: lethally poisoned (0 -> -2), appendage, not resistant to hostile
enchantments, very unstealthy
A: talons 3, high mp 1, sustain attributes
a: End Transformation


You were on level 2 of the Dungeon.
You were not hungry.
You had grown temporary talons.
You visited 1 branch of the dungeon, and saw 2 of its levels.

You collected 52 gold pieces.

Inventory:

Missiles
 a - 2 arrows
 e - 5 needles of paralysis
Armour
 b - a +0 robe (worn)
Scrolls
 g - a scroll of amnesia {unknown}
 h - a scroll of immolation {unknown}
 i - a scroll of recharging {unknown}
 k - a scroll of noise {unknown}
Books
 c - a book of Changes

   Spells                             Type                      Level
   a - Beastly Appendage              Transmutation                1
   b - Sticks to Snakes               Transmutation                2
   c - Spider Form                    Transmutation/Poison         3
   d - Ice Form                       Ice/Transmutation            4
   e - Blade Hands                    Transmutation                5
Comestibles
 d - 3 bread rations {@e1}
 j - a meat ration {@e2}
 l - 3 fruits
 m - a royal jelly


   Skills:
 - Level 0.8 Fighting
 - Level 1.7 Dodging
 - Level 3.9 Unarmed Combat
 - Level 2.1 Spellcasting
 + Level 2.4 Transmutations
 - Level 1.0 Poison Magic


You had one spell level left.
You knew the following spells:

 Your Spells              Type           Power        Failure   Level  Hunger
d - Sticks to Snakes      Trmt           ##........   12%         2    ##.....
f - Spider Form           Trmt/Pois      #.........   28%         3    ###....
s - Beastly Appendage     Trmt           ##....       10%         1    #......


Dungeon Overview and Level Annotations

Branches:
Dungeon (2/15)


Innate Abilities, Weirdness & Mutations

You have an increased reservoir of magic (+10% MP).
Your attributes are resistant to harm.
You have claws for feet.


Message History

The adder bites you.
* * * LOW HITPOINT WARNING * * *
The adder barely misses you.
A hobgoblin comes into view.
You miss the adder.
The adder is almost dead.
You feel sick. The adder barely misses you.
You miss the adder. You claw the adder, but do no damage.
The adder is almost dead.
The adder bites you.
* * * LOW HITPOINT WARNING * * *
Casting: Beastly Appendage
Confirm with . or Enter, or press ? or * to list all spells.
You create a snake!
The adder closely misses you. The hobgoblin hits your ball python.
The adder bites you.
* * * LOW HITPOINT WARNING * * *
You aren't carrying any potions.
You barely miss the adder. Your kick misses the adder.
The adder is almost dead.
You die...

###### ### ..#..#######.#
######### ..#..#.......# #.......#
.....#.#####.#####.#####.########
...................#...รท.........
..#..#.#..##.#######.###.########
..##..........gS@S.....#.# #...
..##.#.#..##(#######.#.#.#####.##
..##.#.#..#.(........#.#.S.....##
..##.#.#..#.)#######.# ##########
..##.#.#..#..# #.. .. #
.....#....#..#######.#.# #
......................). #
######.#..#.....####.#.# #
#...............# #


You could see an adder, a hobgoblin and a friendly ball python.

Vanquished Creatures
  5 adders (D:2)
  3 giant geckos (D:1)
  5 bats
  5 goblins
  7 hobgoblins
  3 giant cockroaches (D:1)
  5 giant newts
  3 kobolds
  9 rats
45 creatures vanquished.

Vanquished Creatures (collateral kills)
  An adder (D:2)
  A goblin (D:2)
2 creatures vanquished.

Grand Total: 47 creatures vanquished

Notes
Turn   | Place    | Note
--------------------------------------------------------------
     0 | D:1      | Medar the Demigod Transmuter began the quest for the Orb.
     0 | D:1      | Reached XP level 1. HP: 15/15 MP: 5/5
    86 | D:1      | Reached skill level 3 in Unarmed Combat
   611 | D:1      | Reached XP level 2. HP: 19/22 MP: 7/7
   618 | D:1      | Learned a level 2 spell: Sticks to Snakes
  1592 | D:2      | Reached XP level 3. HP: 25/27 MP: 6/8
  1741 | D:2      | Learned a level 3 spell: Spider Form
  1912 | D:2      | Reached skill level 1 in Poison Magic
  1994 | D:2      | Found a faded altar to an unknown god.
  2321 | D:2      | Reached XP level 4. HP: 30/34 MP: 2/9
  2672 | D:2      | HP: 1/34 [adder (5)]
  2673 | D:2      | Succumbed to an adder's poison

Vault maps used:
D:1:      minmay_arrival_split_and_join
D:2:      ecumenical_altar_2, first_bread, grunt_ministairs_7

Action                   |  1- 3 |  4- 6 || total
-------------------------+-------+-------++-------
Melee: Unarmed           |   117 |    21 ||   138
 Cast: Beastly Appendage |    32 |     2 ||    34
       Sticks to Snakes  |     7 |     3 ||    10
       Spider Form       |     1 |       ||     1
 Stab: Sleeping          |     2 |       ||     2
  Eat: Chunk             |     5 |     2 ||     7
